 Dungeon Crawl Stone Soup version 0.25.0-9-g26727b657a (webtiles) character file.

Game seed: 14350687512404429876

3309 lepoulpe303 the Covert (level 10, -8/66 HPs)
             Began as an Octopode Assassin on June 21, 2020.
             Was a Follower of Ashenzari.
             Mangled by an unseen horror (10 damage)
             ... on level 9 of the Dungeon on June 22, 2020.
             The game lasted 00:39:01 (8536 turns).

lepoulpe303 the Covert (Octopode Assassin)          Turns: 8536, Time: 00:39:01

Health: -8/66      AC:  5    Str: 22    XL:     10   Next: 1%
Magic:  13/13      EV: 15    Int: 18    God:    Ashenzari [*.....]
Gold:   364        SH:  0    Dex: 10    Spells: 10/14 levels left

rFire    + + .     SeeInvis .   c - +0 dagger (holy)
rCold    + . .     Gourm    .   (no shield)
rNeg     . . .     Faith    .   H - +0 hat {Int+3} {Int+3}
rPois    .         Spirit   .   R - amulet of regeneration (curse)
rElec    .         Reflect  .   f - ring of protection from fire
rCorr    .         Harm     .   K - +4 ring of protection (curse)
MR       .....                  C - ring of Shadows {Umbra +Inv Stlth+} (curse)
Stlth    +++++++++.             F - ring of Propriety {rF+ rC+ Str+3 Dex-3} (curse)
HPRegen  0.61/turn              N - +6 ring of strength
MPRegen  0.13/turn              (no ring)
                                (no ring)
                                (no ring)

@: hasted, wreathed by umbra, very quick
A: almost no armour, stealthy swim, amphibious, 8 rings, constrict 8, camouflage
1, gelatinous body 1
a: Curse Item, Scrying, Renounce Religion, Evoke Invisibility


You were on level 9 of the Dungeon.
You worshipped Ashenzari.
Ashenzari was aware of your devotion.
You were not hungry.

You visited 2 branches of the dungeon, and saw 10 of its levels.

You collected 364 gold pieces.

Inventory:

Hand Weapons
 a - a +2 dagger of venom
 b - a +0 rapier
 c - a +0 dagger of holy wrath (weapon)
Missiles
 l - 61 poisoned darts (quivered)
 n - 2 throwing nets {=f}
 u - 6 boomerangs
 z - 2 curare-tipped darts
Armour
 H - a +0 hat of intelligence (worn) {Int+3}
Jewellery
 f - a ring of protection from fire (left tentacle)
 r - an uncursed ring of ice {rC+, rF-}
 C - the cursed ring of Shadows (on tentacle) {Umbra +Inv Stlth+}
   (You found it on level 5 of the Dungeon)

   [ring of stealth]

   It lets you turn invisible.
   It makes you more stealthy.
   It has a curse placed upon it.
 F - the cursed ring of Propriety (on tentacle) {rF+ rC+ Str+3 Dex-3}
   (You found it on level 7 of the Dungeon)

   [ring of protection from cold]

   It affects your strength (+3).
   It affects your dexterity (-3).
   It protects you from fire.
   It protects you from cold.
   It has a curse placed upon it.
 K - a cursed +4 ring of protection (right tentacle)
 N - a +6 ring of strength (on tentacle)
 R - a cursed amulet of regeneration (around mantle)
Wands
 y - a wand of polymorph (8)
 D - a wand of digging (5)
Scrolls
 g - 2 scrolls of fog {unknown}
 i - 2 scrolls of identify
 j - 2 scrolls of amnesia {unknown}
 k - 2 scrolls of enchant armour {unknown}
 m - 2 scrolls of blinking {unknown}
 p - 2 scrolls of immolation {!r}
 t - 2 scrolls of teleportation
 v - a scroll of magic mapping {unknown}
 x - a scroll of enchant weapon {unknown}
 G - a scroll of random uselessness {unknown}
 J - a scroll of fear {unknown}
 L - a scroll of summoning {unknown}
 M - a scroll of silence {unknown}
Potions
 d - 2 potions of heal wounds {unknown}
 h - a potion of haste
 o - a potion of ambrosia {unknown}
 q - 3 potions of curing
 s - a potion of lignification {unknown}
 A - 2 potions of invisibility
 B - 2 potions of stabbing {unknown}
 E - a potion of cancellation {unknown}
 I - a potion of brilliance {unknown}
Comestibles
 e - 18 rations
 w - 7 chunks of flesh


   Skills:
 + Level 5.4 Fighting
 + Level 5.4 Short Blades
 + Level 5.5 Throwing
 + Level 5.0 Dodging
 + Level 10.5 Stealth
 + Level 2.5 Spellcasting
 + Level 2.9 Translocations
 * Level 5.0 Evocations


You had 10 spell levels left.
You knew the following spells:

 Your Spells              Type           Power        Failure   Level  Hunger
b - Blink                 Tloc           N/A          8%          2    ##.....
s - Slow                  Hex            #.......     26%         2    ##.....

Your spell library contained the following spells:

 Spells                   Type           Power        Failure   Level  Hunger
 Magic Dart               Conj           #...         17%         1    #......
 Call Imp                 Summ           #.......     26%         2    ##.....
 Conjure Flame            Conj/Fire      #.......     45%         3    ###....
 Mephitic Cloud           Conj/Pois/Air  #.......     45%         3    ###....


Dungeon Overview and Level Annotations

Branches:
Dungeon (9/15)             Temple (1/1) D:6
   Lair: D:8-11         Orc: D:9-12

Altars:
Ashenzari
Cheibriados
Dithmenos
Elyvilon
Fedhas
Gozag
Hepliaklqana
Kikubaaqudgha
Makhleb
Nemelex Xobeh
Okawaru
Qazlal
Ru
Sif Muna
Trog
Uskayaw
Vehumet
Wu Jian
Xom
Yredelemnul
Zin
The Shining One


Innate Abilities, Weirdness & Mutations

You cannot wear most types of armour.
You are very stealthy in the water. (Stealth+)
You are amphibious.
You can wear up to eight rings at the same time.
You can use your tentacles to constrict eight enemies at once.
Your skin changes colour to match your surroundings (Stealth+).
Your rubbery body absorbs attacks. (AC +1, EV +1)


Message History

There is an open door here.
Something hits you.
* * * LOW HITPOINT WARNING * * *
You take 4 damage, and have 13/66 hp.
You close the door.
Something barely misses you.
You start resting.
Something hits you but does no damage.
You hit something but do no damage.
Something hits you but does no damage. x2
You miss something. You squeeze something. Something hits you!
* * * LOW HITPOINT WARNING * * *
You take 11 damage, and have 4/66 hp.
It was a potion of curing.
You feel better.
q - 3 potions of curing;
g - 2 scrolls labeled NAFRYMUMET Something hits you!
* * * LOW HITPOINT WARNING * * *
You take 2 damage, and have 2/66 hp.
It was a potion of haste.
You feel yourself speed up.
h - a potion of haste
f - a ring of protection from fire (left tentacle)
Something hits you!
You die...

#########################
.........................
.........# #...........#.
.........# #...........#.
.........###...........#.
.......{@.......#........
###########+######.....######
.................####### #
.......†........... #
...............[... #
##................. #
#......##.......## #
#'####'##..(....# # #
..#........# #


There were no monsters in sight!

Levels and vault maps discovered:
D:1:      sevenhm_arrival_forest_fort_small_4, layout_loops_ring,
          chequers_serial_rivers_micro_c
D:2:      layout_loops_ring, lemuel_doored_altar, lemuel_round_altar,
          minmay_misc_feat_ornament
D:3:      layout_basic, grunt_temple_overflow_holy_war, fedhas_ov_isle_minmay
D:4:      layout_basic, first_ration, minmay_misc_feat_tiny, uniq_ijyb,
          uniq_robin
D:5:      layout_cave_pods, grunt_temple_overflow_octagram, uniq_edmund
D:6:      layout_loops_ring, lemuel_blue_sif_altar,
          minmay_temple_entry_sparse_star
D:7:      layout_loops_cross, kennysheep_small_spiral
D:8:      layout_loops_ring
D:9:      layout_stronghold
Temple:   jpeg_temple_island

Notes
Turn   | Place    | Note
-------+----------+-------------------------------------------
     0 | D:1      | lepoulpe303 the Octopode Assassin began the quest for the
                  | Orb.
     0 | D:1      | Reached XP level 1. HP: 14/14 MP: 1/1
    40 | D:1      | Identified a +0 club
    48 | D:1      | Reached XP level 2. HP: 19/19 MP: 2/2
   229 | D:1      | Identified a +0 club
   306 | D:1      | Identified a +0 club
   330 | D:1      | Identified a +0 dagger
   340 | D:1      | Identified a +0 club
   342 | D:1      | Identified a +0 club
   366 | D:1      | lepoulpe303: !whichgod ops
   366 | D:1      | meem: No keyword 'ops'
   366 | D:1      | lepoulpe303: !whichgod opas
   366 | D:1      | meem: 29 recent wins for opas: 7x Gozag, 7x Ashenzari, 2x
                  | Yredelemnul, 2x Cheibriados, 2x Dithmenos, 2x Hepliaklqana,
                  | 2x Uskayaw, Elyvilon, Okawaru, Trog, Wu Jian, Vehumet
   376 | D:1      | Identified a +0 club
   382 | D:1      | Identified a scroll of remove curse
   392 | D:1      | Reached XP level 3. HP: 24/24 MP: 3/3
   548 | D:1      | Identified a +0 club
   671 | D:1      | Identified a +0 dagger of holy wrath
  1004 | D:2      | Found a burning altar of Makhleb.
  1028 | D:2      | Found a hazy altar of Hepliaklqana.
  1057 | D:2      | Identified a +0 short sword
  1062 | D:2      | Identified 2 scrolls of teleportation
  1089 | D:2      | Identified a +0 short sword
  1211 | D:2      | Identified a cursed -2 club
  1310 | D:2      | Reached XP level 4. HP: 30/30 MP: 4/4
  1382 | D:2      | Identified a +0 club
  1382 | D:2      | Identified an uncursed ring of ice
  1687 | D:2      | Reached skill level 6 in Stealth
  1702 | D:2      | Identified a +0 dagger of draining
  1718 | D:2      | Reached skill level 2 in Dodging
  2097 | D:3      | Identified a +0 club
  2147 | D:3      | Reached XP level 5. HP: 34/35 MP: 5/5
  2185 | D:3      | Identified a +0 club
  2269 | D:3      | Identified a +0 club
  2324 | D:3      | Identified 2 scrolls of identify
  2324 | D:3      | Identified an amulet of regeneration (You found it on level
                  | 2 of the Dungeon)
  2326 | D:3      | Identified a ring of protection from fire (You found it on
                  | level 1 of the Dungeon)
  2420 | D:3      | Found a blossoming altar of Fedhas.
  2597 | D:3      | Identified a +0 hand axe
  2598 | D:3      | Identified a +0 hand axe of flaming
  2598 | D:3      | Identified a +0 leather armour
  2602 | D:3      | Identified a +0 club
  2634 | D:2      | Reached skill level 3 in Fighting
  2634 | D:2      | Reached skill level 3 in Short Blades
  2634 | D:2      | Reached skill level 3 in Throwing
  2732 | D:3      | Identified a +0 short sword
  2732 | D:3      | Identified a cursed +0 leather armour
  2741 | D:3      | Identified a +0 short sword
  2744 | D:3      | Identified a +0 dagger
  2879 | D:3      | Reached XP level 6. HP: 42/42 MP: 6/6
  2966 | D:3      | Reached skill level 7 in Stealth
  3056 | D:3      | Found a basalt altar of Yredelemnul.
  3058 | D:3      | Identified a +2 whip of electrocution
  3058 | D:3      | Noticed a profane servitor
  3084 | D:3      | Found a glowing golden altar of the Shining One.
  3086 | D:3      | Identified a +2 whip of holy wrath
  3086 | D:3      | Identified a +0 robe
  3086 | D:3      | Noticed an angel
  3243 | D:4      | Identified a +0 spear
  3243 | D:4      | Identified a +0 animal skin
  3243 | D:4      | Identified a +1 helmet
  3243 | D:4      | Noticed Robin
  3243 | D:4      | Identified a +0 club
  3243 | D:4      | Identified a +0 club
  3243 | D:4      | Identified a +0 dagger
  3243 | D:4      | Identified a +0 dagger
  3243 | D:4      | Identified a cursed +0 club
  3243 | D:4      | Identified a +0 dagger
  3272 | D:4      | Identified a +0 club
  3286 | D:4      | Killed Robin
  3447 | D:4      | Identified a +0 hand axe
  3522 | D:4      | Identified a cursed -3 dagger
  3522 | D:4      | Identified a +0 leather armour
  3522 | D:4      | Noticed Ijyb
  3531 | D:4      | Reached XP level 7. HP: 46/46 MP: 7/7
  3578 | D:4      | Reached skill level 3 in Dodging
  3944 | D:4      | Killed Ijyb
  3944 | D:4      | Reached skill level 8 in Stealth
  3993 | D:4      | Identified a cursed -1 arbalest (You found it on level 4 of
                  | the Dungeon)
  4014 | D:5      | Entered Level 5 of the Dungeon
  4022 | D:5      | Identified a +2 dagger of venom (You found it on level 5 of
                  | the Dungeon)
  4185 | D:5      | Identified a +0 shortbow
  4195 | D:5      | Reached skill level 4 in Throwing
  4200 | D:5      | Reached skill level 4 in Fighting
  4286 | D:5      | Reached skill level 4 in Short Blades
  4308 | D:5      | Identified a +0 war axe
  4309 | D:5      | Identified a +0 hand axe
  4309 | D:5      | Identified a +0 scale mail
  4377 | D:5      | Reached XP level 8. HP: 48/54 MP: 8/8
  4399 | D:5      | Identified a +0 short sword
  4548 | D:5      | Identified a +0 flail
  4553 | D:5      | Identified a +0 flail
  4592 | D:5      | Identified a +0 whip
  4744 | D:5      | Identified a +0 short sword
  4745 | D:5      | Identified a +0 dagger
  4745 | D:5      | Identified a +0 robe
  4749 | D:5      | Identified a +0 club
  4751 | D:5      | Identified a +0 flail
  4751 | D:5      | Identified a +0 leather armour
  4753 | D:5      | Reached skill level 9 in Stealth
  4758 | D:5      | Identified a +0 giant club
  4818 | D:5      | Found the ring of Shadows {Umbra +Inv Stlth+}
  4830 | D:5      | Identified a ring of protection (You found it on level 5 of
                  | the Dungeon)
  4990 | D:5      | Identified a +0 war axe
  4995 | D:5      | Identified a +0 war axe
  4995 | D:5      | Identified a +0 leather armour
  4999 | D:5      | Identified a +0 trident
  5002 | D:5      | Identified a +1 flail of holy wrath
  5002 | D:5      | Identified a +0 ring mail
  5002 | D:5      | Noticed Edmund
  5050 | D:5      | Killed Edmund
  5050 | D:5      | Reached skill level 1 in Evocations
  5113 | D:5      | Reached skill level 4 in Dodging
  5178 | D:5      | Found a stormy altar of Qazlal.
  5188 | D:5      | Learned a level 2 spell: Blink
  5188 | D:5      | Found a snail-covered altar of Cheibriados.
  5204 | D:5      | Found a white marble altar of Elyvilon.
  5208 | D:5      | Found a bloodstained altar of Trog.
  5214 | D:5      | Found a shimmering altar of Xom.
  5219 | D:5      | Found a hide-covered altar of Uskayaw.
  5230 | D:5      | Found a glowing silver altar of Zin.
  5408 | D:5      | lepoulpe303: !whichgod opas
  5408 | D:5      | meem: 29 recent wins for opas: 7x Gozag, 7x Ashenzari, 2x
                  | Yredelemnul, 2x Cheibriados, 2x Dithmenos, 2x Hepliaklqana,
                  | 2x Uskayaw, Elyvilon, Okawaru, Trog, Wu Jian, Vehumet
  5476 | D:6      | Identified a +0 shortbow
  5517 | D:6      | Identified a +0 dagger
  5517 | D:6      | Identified a +0 robe
  5518 | D:6      | Identified a cursed -3 war axe
  5518 | D:6      | Identified a +0 leather armour
  5519 | D:6      | Identified a +0 trident
  5521 | D:6      | Identified a +4 falchion
  5521 | D:6      | Identified a +0 robe
  5522 | D:6      | Identified a +0 falchion
  5523 | D:6      | Identified a cursed +0 trident
  5523 | D:6      | Identified a +0 robe
  5524 | D:6      | Identified a +0 falchion
  5525 | D:6      | Identified a +0 whip
  5534 | D:6      | Reached skill level 2 in Evocations
  5539 | D:6      | Identified a +0 short sword
  5551 | D:6      | Identified a cursed +0 dagger
  5551 | D:6      | Identified a +0 leather armour
  5723 | D:6      | Identified a +0 chain mail
  5726 | D:6      | Identified a cursed +4 battleaxe
  5726 | D:6      | Identified a +0 robe
  5855 | D:6      | Identified a cursed +0 long sword
  5855 | D:6      | Identified a +0 robe
  5872 | D:6      | Reached skill level 1 in Translocations
  5910 | D:6      | Identified a +3 war axe
  5910 | D:6      | Identified a +0 robe
  5926 | D:6      | Reached skill level 1 in Spellcasting
  6114 | D:6      | Found a staircase to the Ecumenical Temple.
  6122 | Temple   | Entered the Ecumenical Temple
  6163 | Temple   | Became a worshipper of Ashenzari the Shackled
  6217 | D:6      | Identified a +0 flail
  6219 | D:6      | Identified a +0 dagger
  6246 | D:6      | Identified a +0 mace
  6246 | D:6      | Identified a +0 chain mail
  6279 | D:6      | Reached XP level 9. HP: 59/59 MP: 9/11
  6283 | D:6      | Learned a level 2 spell: Slow
  6294 | D:6      | Identified a +0 dagger
  6294 | D:6      | Identified a +0 robe
  6304 | D:6      | Reached skill level 10 in Stealth
  6425 | D:6      | Reached skill level 3 in Evocations
  6566 | D:6      | Found a shimmering blue altar of Sif Muna.
  6617 | D:7      | Identified a +0 dagger
  6617 | D:7      | Identified a +0 robe
  6618 | D:7      | Identified a +0 mace
  6618 | D:7      | Identified a +0 chain mail
  6618 | D:7      | Identified a +0 hand axe
  6618 | D:7      | Identified a +0 ring mail
  6641 | D:7      | Reached skill level 5 in Short Blades
  6641 | D:7      | Reached skill level 5 in Throwing
  6748 | D:7      | Identified 3 scrolls of immolation
  6955 | D:7      | Identified the ring of Propriety {rF+ rC+ Str+3 Dex-3}
  7037 | D:7      | Identified a +0 shortbow
  7039 | D:7      | Reached skill level 5 in Fighting
  7039 | D:7      | Reached skill level 2 in Translocations
  7216 | D:8      | Identified a cursed -2 halberd
  7216 | D:8      | Identified a cursed -2 club
  7216 | D:8      | Identified a +0 halberd
  7299 | D:8      | Identified a +0 hand axe
  7299 | D:8      | Identified a +0 hand axe
  7299 | D:8      | Identified a +0 ring mail
  7305 | D:8      | Reached skill level 4 in Evocations
  7446 | D:8      | Reached skill level 2 in Spellcasting
  7680 | D:8      | Identified a +0 hand axe
  7872 | D:8      | Reached * piety under Ashenzari
  8058 | D:9      | Identified a +0 club
  8071 | D:9      | Identified a +0 giant club
  8191 | D:9      | Identified a cursed +0 great sword
  8191 | D:9      | Identified a +0 robe
  8199 | D:9      | Identified a cursed +2 halberd
  8199 | D:9      | Identified a +0 robe
  8208 | D:9      | Identified a +2 mace of freezing
  8208 | D:9      | Identified a +0 robe
  8319 | D:9      | Identified a +0 hat of intelligence {Int+3} (You found it
                  | on level 9 of the Dungeon)
  8349 | D:9      | Identified a +0 shortbow
  8353 | D:9      | Identified 2 potions of invisibility
  8366 | D:9      | Noticed a troll
  8373 | D:9      | Killed a troll
  8373 | D:9      | Reached skill level 5 in Dodging
  8373 | D:9      | Reached XP level 10. HP: 66/66 MP: 13/13
  8445 | D:9      | Identified a cursed -1 trident
  8445 | D:9      | Identified a +0 scale mail
  8486 | D:9      | Identified a ring of strength
  8497 | D:9      | Reached skill level 5 in Evocations
  8528 | D:9      | HP: 16/66 [something (11)]
  8534 | D:9      | HP: 4/66 [something (11)]
  8535 | D:9      | Identified 4 potions of curing
  8536 | D:9      | Identified 2 potions of haste
  8536 | D:9      | Mangled by an unseen horror

Table legend:
 A = Turns spent in this place as a percentage of turns spent in the entire game.
 B = Non-inter-level travel turns spent in this place as a percentage of non-inter-level travel turns spent in the entire game.
 C = Inter-level travel turns spent in this place as a percentage of turns spent in this place.
 D = Turns resting spent in this place as a percentage of non-inter-level travel turns spent in this place.
 E = Turns spent auto-exploring this place as a percentage of non-inter-level travel turns spent in this place.
 F = Non-inter-level travel turns spent in this place divided by the number of levels of this place that you've seen.
                   A       B       C       D       E      F
               +-------+-------+-------+-------+-------+----------------------
         Total | 100.0 | 100.0 |   6.0 |  15.0 |  59.0 | 802.4
       Dungeon |  99.0 |  99.4 |   5.6 |  15.1 |  59.0 | 886.6
        Temple |   1.0 |   0.6 |  46.4 |   0.0 |  66.7 |  45.0
               +-------+-------+-------+-------+-------+----------------------

Table legend:
 A = Kills in this place as a percentage of kills in entire the game.
 B = Kills by you in this place as a percentage of kills by you in the entire game.
 C = Kills by friends in this place as a percentage of kills by friends in the entire game.
 D = Other kills in this place as a percentage of other kills in the entire game.
 E = Experience gained in this place as a percentage of experience gained in the entire game.
 F = Experience gained in this place divided by the number of levels of this place that you have seen.
                   A       B       C       D       E      F
               +-------+-------+-------+-------+-------+----------------------
         Total | 100.0 | 100.0 |   N/A |   N/A | 100.0 | 472.8
       Dungeon | 100.0 | 100.0 |   N/A |   N/A | 100.0 | 525.3
               +-------+-------+-------+-------+-------+----------------------

Skill      XL: |  1  2  3  4  5  6  7  8  9 10 |
---------------+-------------------------------+-----
Stealth        | 6 7 8 9 10 | 10.5
Dodging        | 2 3 4 5 |  5.0
Fighting       | 3 4 5 |  5.4
Short Blades   | 3 4 5 |  5.4
Throwing       | 3 4 5 |  5.5
Evocations     | 2 4 5 |  5.0
Translocations | 1 2 |  2.9
Spellcasting   | 1 2 |  2.5

Action                   |  1- 3 |  4- 6 |  7- 9 | 10-12 || total
-------------------------+-------+-------+-------+-------++-------
Melee: Dagger            |    46 |     5 |   198 |    12 ||   261
       Constrict         |     9 |    39 |    42 |     1 ||    91
       Tentacles         |     5 |    24 |    42 |     4 ||    75
       Short sword       |     8 |   146 |    27 |       ||   181
Throw: Dart              |     4 |    49 |    78 |       ||   131
       Boomerang         |       |       |     3 |       ||     3
Invok: Curse Item        |       |       |     3 |       ||     3
       Scrying           |       |       |     1 |       ||     1
Evoke: Wand              |       |       |     1 |       ||     1
  Use: Scroll            |     2 |     1 |     3 |       ||     6
       Potion            |       |       |       |     2 ||     2
 Stab: Sleeping          |    23 |    13 |    38 |     2 ||    76
       Distracted        |       |     1 |       |       ||     1
  Eat: Chunk             |     1 |     7 |    15 |     1 ||    24
Armor: Skin              |     2 |     6 |    11 |     4 ||    23
Dodge: Dodged            |    15 |    70 |   103 |     5 ||   193

Vanquished Creatures
  A troll (D:9)
  Edmund (D:5)
  An ice beast (D:9)
  2 orc warriors
  2 phantoms
  2 ogres
  4 centaurs
  A crocodile (D:8)
  5 bullfrogs
  3 scorpions
  7 wights
  A howler monkey (D:4)
  6 crimson imps
  3 hounds
  6 orc priests
  4 orc wizards
  Ijyb (D:4)
  3 iguanas
  3 worker ants (D:4)
  2 hound skeletons (D:6)
  A worker ant zombie (D:6)
  Robin (D:4)
  8 gnolls
  11 adders
  2 oozes
  2 adder zombies (D:5)
  7 worms
  2 dart slugs (D:1)
  3 leopard geckos
  31 orcs
  7 bats
  8 giant cockroaches
  12 goblins
  24 hobgoblins
  5 jackals
  4 quokkas
  3 ball pythons
  5 frilled lizards
  A jackal skeleton (D:4)
  9 kobolds
  A leopard gecko zombie (D:6)
  A quokka skeleton (D:3)
  7 rats
213 creatures vanquished.

Vanquished Creatures (others)
  A rat (D:3)
1 creature vanquished.

Grand Total: 214 creatures vanquished
